[Event "Titled Tuesday Blitz July 18 Late 2023"]
[White "Kisic, Bozidar"]
[Black "Amburgy, Ryan"]
[WhiteFideId "16500350"]
[BlackFideId "30924820"]
[WhiteElo "2512"]
[BlackElo "2668"]
[Result "0-1"]
[Round "5"]
[TimeControl "180+2"]
[Date "2023.07.18"]
[WhiteClock "0:00:02"]
[BlackClock "0:00:06"]
[Board "57"]

1. d4 Nf6 2. Bg5 Ne4 3. h4 c5 4. d5 h6 5. Bf4 Qb6 6. Nd2 Qxb2 7. Nxe4 Qb4+ 8. Bd2 Qxe4 9. Bc3 e6 10. dxe6 dxe6 11. Rh3 Bd7 12. Re3 Qa4 13. Nf3 Nc6 14. Rd3 O-O-O 15. e3 Nb4 16. Bxb4 Qxb4+ 17. c3 Qe4 18. Rd2 f6 19. Bb5 Bd6 20. Bxd7+ Rxd7 21. Rxd6 Rhd8 22. Rxd7 Rxd7 23. Qb1 Qg4 24. Kf1 Qc4+ 25. Kg1 Qxc3 26. Qf1 Qa3 27. Qc4 Rd6 28. Rb1 b6 29. Qb5 Qxa2 30. Re1 Kc7 31. Qe8 Rd7 32. h5 Qd5 33. Ra1 a5 34. Qg6 Qd3 35. Qg4 Qf5 36. Qc4 e5 37. Qb5 Qd3 38. Qb2 e4 39. Ne1 Qd2 40. Qb5 Qb4 41. Qa6 Kc6 42. Qa8+ Kc7 43. Qg8 Qc3 44. Qa2 Rd2 45. Qf7+ Kb8 46. Qxg7 Qxa1 47. Kf1 Rd1 48. g3 Rxe1+ 49. Kg2 Qe5 50. Qf8+ Kb7 51. Qf7+ Ka6 52. Qc4+ b5 53. Qf7 a4 54. Qd7 Rb1 55. Qd8 c4 56. Qa8+ Kb6 57. Qd8+ Kc5 58. Qd2 Rb2 59. Qd7 a3 60. Qc8+ Kb4 61. Qa6 Qf5 0-1


[Site "https://www.chess.com"]

[Event "Titled Tuesday Blitz July 18 Late 2023"]
[White "Berezin, Viktor"]
[Black "Bjelobrk, Igor"]
[WhiteFideId "14107872"]
[BlackFideId "4300726"]
[WhiteElo "2510"]
[BlackElo "2662"]
[Result "1-0"]
[Round "5"]
[TimeControl "180+2"]
[Date "2023.07.18"]
[WhiteClock "0:01:03"]
[BlackClock "0:00:36"]
[Board "58"]

1. d4 e6 2. Nf3 c5 3. c4 cxd4 4. Nxd4 Nc6 5. Nc3 Bc5 6. e3 Nf6 7. Be2 O-O 8. O-O d5 9. Bf3 Ne5 10. cxd5 Nxf3+ 11. Qxf3 exd5 12. h3 Be6 13. Rd1 Qe7 14. Bd2 Rfd8 15. Rac1 a6 16. a3 h6 17. Na4 Bd6 18. Nf5 Bxf5 19. Qxf5 b5 20. Nb6 Rab8 21. Nc8 Qd7 22. Nxd6 Qxd6 23. Ba5 Rdc8 24. Rxc8+ Rxc8 25. Qxc8+ 1-0


[Site "https://www.chess.com"]

[Event "Titled Tuesday Blitz July 18 Late 2023"]
[White "Shapiro, Viktor"]
[Black "Alex_Sahakyan2006"]
[WhiteFideId "4175700"]
[WhiteElo "2496"]
[BlackElo "2658"]
[Result "0-1"]
[Round "5"]
[TimeControl "180+2"]
[Date "2023.07.18"]
[WhiteClock "0:00:07"]
[BlackClock "0:00:04"]
[Board "59"]

1. c4 Nf6 2. Nc3 e6 3. d4 d5 4. Nf3 h6 5. e3 a6 6. a4 Bb4 7. g4 dxc4 8. Bxc4 c5 9. Rg1 cxd4 10. Nxd4 e5 11. Nf5 Qxd1+ 12. Kxd1 Bxf5 13. gxf5 O-O 14. Kc2 Rc8 15. Bb3 Nc6 16. Bd2 Ne7 17. Raf1 Nxf5 18. f4 e4 19. Kb1 Kf8 20. Nxe4 Bxd2 21. Nxd2 Nxe3 22. Re1 Re8 23. Nf3 Ned5 24. f5 Rxe1+ 25. Rxe1 Re8 26. Rd1 Re3 27. Nd4 Rh3 28. Rc1 Rxh2 29. Rc8+ Ke7 30. Rb8 b6 31. Rb7+ Kd6 32. Rxf7 Nb4 33. Kc1 Ne4 34. Rxg7 Nd3+ 35. Kd1 Rd2# 0-1


[Site "https://www.chess.com"]

[Event "Titled Tuesday Blitz July 18 Late 2023"]
[White "Schnaider, Ilan"]
[Black "Delorme, Axel"]
[WhiteFideId "169013"]
[BlackFideId "632023"]
[WhiteElo "2657"]
[BlackElo "2442"]
[Result "0-1"]
[Round "5"]
[TimeControl "180+2"]
[Date "2023.07.18"]
[WhiteClock "0:00:01"]
[BlackClock "0:00:07"]
[Board "60"]

1. e4 c5 2. Nf3 d6 3. Bb5+ Nd7 4. a4 a6 5. Be2 Ngf6 6. Nc3 b6 7. d4 cxd4 8. Qxd4 Bb7 9. O-O e6 10. h3 Be7 11. Rd1 O-O 12. Qe3 Qc7 13. b3 Rac8 14. Bb2 Rfd8 15. Qf4 h6 16. Qg3 Bf8 17. Bd3 d5 18. e5 Ne4 19. Bxe4 dxe4 20. Nd4 Qxe5 21. Qe3 Nf6 22. Nce2 Qh5 23. Ng3 Qh4 24. c4 Bc5 25. Qe2 g6 26. Kh2 h5 27. b4 Bxb4 28. Nb3 Qf4 29. Kg1 h4 30. Nf1 Be7 31. Ne3 Qg5 32. Nd4 Nh5 33. Ng4 Nf4 34. Qf1 Nd3 35. Bc3 Bc5 36. Nb3 Be7 37. Bd2 Qh5 38. Be3 f5 39. Nh6+ Kh7 40. Nd4 Rxd4 41. Bxd4 Kxh6 42. Bxb6 g5 43. Be3 Rg8 44. Rab1 Ba8 45. Rb6 Qf7 46. Rxd3 exd3 47. Qxd3 Be4 48. Qd2 Kh7 49. Qd4 g4 50. hxg4 Rxg4 51. g3 hxg3 52. f4 Qh5 53. Bf2 Qh1# 0-1


[Site "https://www.chess.com"]

[Event "Titled Tuesday Blitz July 18 Late 2023"]
[White "Seyhanoglu, Deniz"]
[Black "Medarde Santiago, Luis Marcos"]
[WhiteFideId "6302572"]
[BlackFideId "2263076"]
[WhiteElo "2430"]
[BlackElo "2609"]
[Result "0-1"]
[Round "5"]
[TimeControl "180+2"]
[Date "2023.07.18"]
[WhiteClock "0:00:00"]
[BlackClock "0:01:54"]
[Board "61"]

1. e4 c5 2. Nf3 g6 3. d4 cxd4 4. Nxd4 Nc6 5. Ne2 Nf6 6. Nbc3 Bg7 7. g3 b5 8. a3 O-O 9. Bg2 Rb8 10. O-O d6 11. Nd5 a5 12. c3 Nd7 13. h3 e6 14. Ne3 Qc7 15. a4 b4 16. Nc4 Ba6 17. b3 bxc3 18. Be3 Nb4 19. Rc1 c2 20. Qd2 Nc5 21. Bxc5 Qxc5 22. Rfe1 Bxc4 23. bxc4 Qxc4 24. Qxd6 Nd3 25. e5 Bxe5 26. Qe7 Nxe1 27. Rxe1 Rb1 28. Nc1 Qb4 29. Qxb4 axb4 30. a5 Bc3 31. Rf1 Rxc1 32. Rxc1 b3 0-1


[Site "https://www.chess.com"]

[Event "Titled Tuesday Blitz July 18 Late 2023"]
[White "Tarhan, Adar"]
[Black "Bueno, Alfeu Junior Varela"]
[WhiteFideId "34544712"]
[BlackFideId "2108879"]
[WhiteElo "2599"]
[BlackElo "2413"]
[Result "1-0"]
[Round "5"]
[TimeControl "180+2"]
[Date "2023.07.18"]
[WhiteClock "0:01:23"]
[BlackClock "0:00:07"]
[Board "62"]

1. d4 e6 2. Bf4 f5 3. Nd2 Nf6 4. e3 b6 5. Bd3 Bb7 6. f3 Nh5 7. Bg3 Nxg3 8. hxg3 Qg5 9. Kf2 Bd6 10. f4 Qf6 11. c3 Nc6 12. e4 fxe4 13. Nxe4 Qf8 14. Nxd6+ Qxd6 15. Qh5+ Kd8 16. Nf3 Kc8 17. Qf7 Qe7 18. Qxe7 Nxe7 19. Bxh7 Bxf3 20. gxf3 g6 21. g4 Kb7 22. Rh6 Raf8 23. Rah1 Rxf4 24. Bxg6 Rxh6 25. Rxh6 c6 26. Be8 Kc7 27. Rh7 Kd8 28. Bh5 Nd5 29. Kg3 Rf8 30. g5 Nf4 31. Bf7 Ke7 32. Kxf4 Rxf7+ 33. Rxf7+ Kxf7 34. Ke5 Ke7 35. f4 d6+ 36. Ke4 Kf7 37. f5 exf5+ 38. Kxf5 1-0


[Site "https://www.chess.com"]

[Event "Titled Tuesday Blitz July 18 Late 2023"]
[White "Willy, Stephen"]
[Black "Hajiyev, Kanan"]
[WhiteFideId "30981468"]
[BlackFideId "13404148"]
[WhiteElo "2403"]
[BlackElo "2560"]
[Result "1-0"]
[Round "5"]
[TimeControl "180+2"]
[Date "2023.07.18"]
[WhiteClock "0:00:16"]
[BlackClock "0:00:00"]
[Board "63"]

1. e4 c6 2. d4 d5 3. e5 a6 4. c4 Bf5 5. Qb3 Qd7 6. Nc3 e6 7. Nf3 Ne7 8. c5 Qc7 9. Be2 Nd7 10. O-O f6 11. exf6 Nxf6 12. Re1 Ng6 13. Na4 Be7 14. Bd3 O-O 15. Bxf5 exf5 16. Ne5 Nxe5 17. Rxe5 Ng4 18. Bf4 Nxe5 19. Bxe5 Qd7 20. Nb6 Qd8 21. Nxa8 Qxa8 22. Re1 Rf7 23. f4 Qc8 24. a4 Bh4 25. Re3 Bd8 26. Qc3 Qe6 27. Bxg7 Qd7 28. Be5 Bf6 29. Rg3+ Kh8 30. Qe3 Qe6 31. h4 h6 32. Rg6 Kh7 33. Qg3 Qe7 34. h5 Bxe5 35. Rxh6+ 1-0


[Site "https://www.chess.com"]

[Event "Titled Tuesday Blitz July 18 Late 2023"]
[White "Kanyamarala, Trisha"]
[Black "Trifan, Andrei Ioan"]
[WhiteFideId "45004722"]
[BlackFideId "12967068"]
[WhiteElo "2375"]
[BlackElo "2557"]
[Result "0-1"]
[Round "5"]
[TimeControl "180+2"]
[Date "2023.07.18"]
[WhiteClock "0:01:06"]
[BlackClock "0:00:34"]
[Board "64"]

1. c4 b6 2. d4 Nf6 3. Nc3 Bb7 4. d5 e5 5. a3 g6 6. Bg5 Bg7 7. e4 h6 8. Bh4 d6 9. Bd3 O-O 10. Nge2 Nbd7 11. O-O c6 12. f4 exf4 13. Nxf4 g5 14. Bg3 gxf4 15. Bxf4 Ne5 16. Be2 cxd5 17. cxd5 a6 18. Bxe5 dxe5 19. Rf5 Qd6 20. Qe1 Bc8 21. Rf1 Nd7 22. Qg3 Qg6 23. Qh3 Nc5 24. Qh4 Qg5 25. Qf2 f5 26. h4 Qg6 27. b4 Nxe4 28. Nxe4 fxe4 29. Qe3 Rf4 30. h5 Qg5 31. Qb3 Bg4 32. d6+ Kh7 33. Bc4 Bf3 34. Qc2 Bxg2 35. Rxf4 Bf3+ 36. Kf2 Qxf4 37. Ke1 Qe3+ 38. Kf1 Rf8 39. Re1 Be2+ 40. Kg2 Rf2+ 41. Kg1 Qg3+ 42. Kh1 Rh2# 0-1


[Site "https://www.chess.com"]

[Event "Titled Tuesday Blitz July 18 Late 2023"]
[White "Petesch, Gabriel"]
[Black "Gomes, Luiz Alexandre de Souza"]
[WhiteFideId "2032465"]
[BlackFideId "2102790"]
[WhiteElo "2554"]
[BlackElo "2354"]
[Result "1/2-1/2"]
[Round "5"]
[TimeControl "180+2"]
[Date "2023.07.18"]
[WhiteClock "0:00:49"]
[BlackClock "0:01:56"]
[Board "65"]

1. Nf3 Nf6 2. b3 d6 3. Bb2 Nbd7 4. d4 g6 5. g3 Bg7 6. Bg2 O-O 7. O-O c6 8. c4 Re8 9. Na3 a6 10. Nc2 e5 11. dxe5 dxe5 12. Nxe5 Nxe5 13. Qxd8 Rxd8 14. Bxe5 Rd2 15. Rad1 Rxd1 16. Rxd1 Be6 17. h3 Re8 18. Bxf6 Bxf6 19. e3 Kg7 20. g4 h6 21. Bf3 a5 22. Nd4 Bc8 23. Kf1 h5 24. gxh5 Bxh3+ 25. Ke2 gxh5 26. Bxh5 a4 27. b4 a3 28. Bf3 Ra8 29. Rd3 Ra4 30. Rb3 Be7 31. Nc2 Bf5 32. e4 Be6 33. Kd3 b5 34. Rxa3 Bxc4+ 35. Kd4 Rxa3 36. Nxa3 Bxb4 37. Nxc4 bxc4 38. Kxc4 Be1 39. a4 Bxf2 40. a5 Kf6 41. a6 Ke5 42. Bh5 f6 43. Be8 Kxe4 44. Bxc6+ Ke5 45. Kd3 Kd6 46. Bb7 Kc7 47. Ke2 Bd4 48. Kf3 Kb6 49. Ke4 Be5 50. Kf5 Ka7 51. Ke4 Bc3 52. Kf3 Bb2 53. Ke2 Bc3 54. Kf1 Bd4 55. Kg2 Be5 56. Kf3 Bc3 57. Ke4 Bb2 58. Kf5 Ba1 59. Kg4 Bb2 60. Kf3 Ba1 61. Ke2 Bb2 62. Kd2 Be5 63. Kc2 Bd6 64. Kc3 f5 65. Kd4 f4 66. Ke4 Bc7 67. Kd3 Bb8 68. Kc4 Kb6 69. Kd5 f3 70. Kc4 f2 71. Bg2 Kxa6 72. Kd3 Kb5 73. Ke2 Ba7 74. Kf1 Kc4 75. Bf3 Kc3 76. Be2 Kd2 77. Ba6 Ke3 78. Bb7 Bb6 79. Ba8 Bc7 80. Bb7 Ba5 81. Ba8 Be1 82. Bb7 Bd2 83. Ba6 Bc1 84. Bb5 Bd2 85. Ba4 Bc1 86. Bb3 Bd2 87. Ba2 Bc1 88. Bb1 Bd2 89. Bc2 Bc1 90. Bd1 Bd2 91. Be2 Bc1 92. Bg4 Bd2 93. Bh5 Bc1 94. Bg6 Bd2 95. Bh7 Bc1 96. Bg8 Bd2 97. Bf7 Bc1 98. Be6 Bd2 99. Bd7 Bc1 100. Bc6 Bd2 101. Bb7 Bc1 102. Ba8 Bd2 103. Bb7 Bc1 104. Ba6 Bd2 105. Bb5 Bc1 106. Ba4 Bd2 107. Bb3 Bc1 108. Ba2 Bd2 109. Bb1 Bc1 110. Bc2 Bd2 111. Bd1 Bc1 112. Be2 Bd2 113. Bg4 Bc1 114. Bh3 Bd2 115. Bg2 Bc1 116. Bh1 Bd2 117. Bg2 Bc1 118. Bh3 Bd2 119. Bg4 Bc1 120. Bh5 Bd2 121. Bg6 Bc1 1/2-1/2


[Site "https://www.chess.com"]

[Event "Titled Tuesday Blitz July 18 Late 2023"]
[White "Marosi, Levente"]
[Black "Djordjevic, Dejan N"]
[WhiteFideId "747181"]
[BlackFideId "913316"]
[WhiteElo "2540"]
[BlackElo "2092"]
[Result "1-0"]
[Round "5"]
[TimeControl "180+2"]
[Date "2023.07.18"]
[WhiteClock "0:00:04"]
[BlackClock "0:00:00"]
[Board "66"]

1. e4 c5 2. Nf3 Nc6 3. d4 cxd4 4. Nxd4 Nf6 5. Nc3 Qb6 6. Nb3 e6 7. Qe2 a6 8. Bd2 d6 9. O-O-O Be7 10. Kb1 Qc7 11. f4 b5 12. a3 Rb8 13. g4 b4 14. axb4 Nxb4 15. Bg2 a5 16. g5 Ba6 17. Qf3 Nd7 18. Bf1 a4 19. Nd4 Bxf1 20. Rhxf1 g6 21. Rc1 Qc4 22. Be3 a3 23. Qe2 Qxe2 24. Ndxe2 axb2 25. Rcd1 Nc5 26. Bxc5 dxc5 27. e5 O-O 28. Ne4 c4 29. N2c3 Nc6 30. Rd7 Rb4 31. Rfd1 Ra8 32. Na2 Rba4 33. Nec3 Ra3 34. Rc7 Bb4 35. Kxb2 Na5 36. Rdd7 Bxc3+ 37. Nxc3 Ra4 38. Nxa4 c3+ 39. Nxc3 Rb8+ 40. Kc1 1-0


[Site "https://www.chess.com"]

[Event "Titled Tuesday Blitz July 18 Late 2023"]
[White "Seletsky, Grigory"]
[Black "Leiva, Gianmarco"]
[WhiteFideId "14112191"]
[BlackFideId "3804399"]
[WhiteElo "2499"]
[BlackElo "2721"]
[Result "0-1"]
[Round "5"]
[TimeControl "180+2"]
[Date "2023.07.18"]
[WhiteClock "0:00:00"]
[BlackClock "0:00:02"]
[Board "67"]

1. e4 c5 2. Nf3 d6 3. Bb5+ Nd7 4. d4 cxd4 5. Qxd4 a6 6. Bxd7+ Bxd7 7. c4 Rc8 8. Nc3 Qc7 9. b3 b5 10. Nd5 Qb7 11. Nb6 e5 12. Qe3 Rb8 13. Nxd7 Qxd7 14. O-O bxc4 15. bxc4 Nf6 16. Ba3 Be7 17. Rac1 O-O 18. c5 dxc5 19. Bxc5 Qe6 20. Bxe7 Qxe7 21. Rc4 Rfc8 22. Rxc8+ Rxc8 23. Rc1 Rxc1+ 24. Qxc1 h6 25. Qc8+ Kh7 26. Qxa6 Nxe4 27. Qd3 f5 28. h3 Qc5 29. Qe3 Qd5 30. a3 Qd1+ 31. Kh2 Qd6 32. Kg1 Qd5 33. Kh2 Kg6 34. Kg1 Kh7 35. Kh2 g5 36. Kg1 Kg6 37. Kh2 Qe6 38. g4 Kf6 39. gxf5 Kxf5 40. Kg2 Qc6 41. Qb3 Nf6 42. Qb1+ Ke6 43. Qb3+ Nd5 44. Kg3 Qd6 0-1


[Site "https://www.chess.com"]

[Event "Titled Tuesday Blitz July 18 Late 2023"]
[White "Smirnov, Pavel"]
[Black "Ansh M Shah"]
[WhiteFideId "4123425"]
[BlackFideId "25033379"]
[WhiteElo "2696"]
[BlackElo "2499"]
[Result "1-0"]
[Round "5"]
[TimeControl "180+2"]
[Date "2023.07.18"]
[WhiteClock "0:02:12"]
[BlackClock "0:00:25"]
[Board "68"]

1. d4 Nf6 2. c4 g6 3. g3 Bg7 4. Nf3 O-O 5. Bg2 d6 6. O-O Nc6 7. Nc3 e5 8. dxe5 Nxe5 9. Nxe5 dxe5 10. Qxd8 Rxd8 11. Bg5 Rd7 12. Rad1 c6 13. Na4 h6 14. Be3 Rxd1 15. Rxd1 Be6 16. b3 Nd7 17. h3 Re8 18. Bxa7 b5 19. cxb5 cxb5 20. Nc3 b4 21. Nb5 Rc8 22. Bd5 Bxh3 23. Bxf7+ Kxf7 24. Nd6+ Ke6 25. Nxc8 Bg4 26. f3 Bf5 27. e4 1-0


[Site "https://www.chess.com"]

[Event "Titled Tuesday Blitz July 18 Late 2023"]
[White "Adewumi, Tanitoluwa"]
[Black "Kaplan, Avi Harrison"]
[WhiteFideId "30966396"]
[BlackFideId "30934559"]
[WhiteElo "2652"]
[BlackElo "2498"]
[Result "1-0"]
[Round "5"]
[TimeControl "180+2"]
[Date "2023.07.18"]
[WhiteClock "0:00:42"]
[BlackClock "0:00:02"]
[Board "69"]

1. e4 a6 2. d4 b5 3. c4 b4 4. a3 e5 5. dxe5 Nc6 6. Nf3 Bc5 7. axb4 Nxb4 8. Nc3 Ne7 9. Bg5 h6 10. Bh4 Bb7 11. Be2 O-O 12. O-O d6 13. exd6 Qxd6 14. Qxd6 Bxd6 15. e5 Bc5 16. Na4 Ng6 17. Nxc5 Bxf3 18. Bxf3 Nxh4 19. Bxa8 Rxa8 20. Ra4 a5 21. Nb3 Nc6 22. f4 Nf5 23. Rd1 Rb8 24. Rd3 Nb4 25. Rd7 Nc2 26. Nxa5 Rxb2 27. Rd2 Rb1+ 28. Kf2 Nce3 29. h3 Rf1+ 30. Ke2 Rg1 31. g4 Nf1 32. gxf5 Rg2+ 33. Kxf1 Rxd2 34. Nc6 Rc2 35. Ne7+ Kh7 36. e6 fxe6 37. fxe6 h5 38. Nd5 Kg6 39. f5+ Kh7 40. e7 c5 41. e8=Q h4 42. Qg6+ Kh8 43. Ra8# 1-0


[Site "https://www.chess.com"]

[Event "Titled Tuesday Blitz July 18 Late 2023"]
[White "Omelja, Artem"]
[Black "Van Foreest, Machteld"]
[WhiteFideId "14119846"]
[BlackFideId "1051563"]
[WhiteElo "2652"]
[BlackElo "2487"]
[Result "0-1"]
[Round "5"]
[TimeControl "180+2"]
[Date "2023.07.18"]
[WhiteClock "0:00:00"]
[BlackClock "0:00:11"]
[Board "70"]

1. g3 Nf6 2. Bg2 e6 3. Nf3 d5 4. O-O Be7 5. d3 O-O 6. Nbd2 c5 7. e4 Nc6 8. Qe2 b6 9. e5 Nd7 10. Re1 Bb7 11. Nf1 Qc7 12. h4 d4 13. Bf4 Nb4 14. Ng5 Bxg2 15. Kxg2 Qb7+ 16. Kg1 Bxg5 17. Bxg5 Rae8 18. a3 Nd5 19. Nh2 f6 20. exf6 N7xf6 21. Ng4 Nxg4 22. Qxg4 e5 23. Qe4 h6 24. Bd2 Qf7 25. Re2 Nf6 26. Qf5 Qd5 27. Rae1 Nh7 28. Qe4 Qf7 29. Qg2 Qf5 30. f4 Nf6 31. fxe5 Ng4 32. Bf4 g5 33. hxg5 hxg5 34. Qd5+ Kg7 35. Bd2 Ne3 36. Bxe3 dxe3 37. Qe4 Qf2+ 38. Rxf2 exf2+ 39. Kg2 fxe1=Q 40. Qxe1 Rf5 41. e6 Rf6 42. e7 Kf7 43. Qe4 Rxe7 44. Qh7+ Ke6 45. Qg8+ Kd7 46. Qxg5 Re2+ 47. Kh3 Rfe6 48. Qd5+ Ke7 49. Qg5+ Kf7 50. Qh5+ Kg7 51. Qg4+ Kh6 52. Qf4+ Kg6 53. Qg4+ Kf6 54. Qf4+ Ke7 55. Qc7+ Kf8 56. Qd8+ Kg7 0-1


[Site "https://www.chess.com"]

[Event "Titled Tuesday Blitz July 18 Late 2023"]
[White "Sos Andreu, Eric"]
[Black "Olsen, Filip Boe"]
[WhiteFideId "22247017"]
[BlackFideId "1440640"]
[WhiteElo "2487"]
[BlackElo "2637"]
[Result "0-1"]
[Round "5"]
[TimeControl "180+2"]
[Date "2023.07.18"]
[WhiteClock "0:00:00"]
[BlackClock "0:00:14"]
[Board "71"]

1. d4 d5 2. c4 e6 3. g3 Nf6 4. Bg2 dxc4 5. Nf3 Nbd7 6. O-O Nb6 7. Nbd2 Bd6 8. Qc2 Bd7 9. Nxc4 Nxc4 10. Qxc4 Bc6 11. Bg5 h6 12. Bxf6 Qxf6 13. Rac1 O-O 14. Rfd1 a5 15. b3 a4 16. Nd2 Bxg2 17. Kxg2 axb3 18. axb3 Ra2 19. Ne4 Qf5 20. Nxd6 cxd6 21. d5 Re8 22. dxe6 Rxe6 23. Qd3 Qxd3 24. Rxd3 Rexe2 25. Rf3 Rec2 26. Rd1 Rd2 27. Rc1 Rac2 28. Re1 Re2 29. Rd1 Re6 30. Rd5 Rc5 31. Rd4 Rb5 32. Rc4 Rf6 33. Rxf6 gxf6 34. Rd4 Rxb3 35. Rxd6 Kg7 36. Rd8 Rb1 37. Rb8 b5 38. h4 h5 39. Kf3 b4 40. Kg2 b3 41. Kf3 Kg6 42. Rb5 b2 43. Kg2 f5 44. Rb6+ Kg7 45. Kf3 Kf8 46. Kg2 Ke7 47. Kf3 Kd7 48. Kg2 f4 49. gxf4 Kc7 50. Rb3 Kc6 51. Rb8 Kd5 52. Kf3 Kc4 53. Rc8+ Kd3 54. Rd8+ Kc2 55. Rc8+ Kd2 56. Rd8+ Ke1 57. Re8+ Kf1 58. Rb8 Kg1 59. Kg3 Kh1 60. Kf3 Kh2 61. f5 Kh3 62. Kf4 Kxh4 63. Rb7 Kh3 64. Kf3 h4 65. Rb6 Kh2 66. Rb5 h3 67. Rb4 Kg1 68. Rg4+ Kf1 69. Rb4 h2 70. Rh4 Kg1 71. Rg4+ Kh1 72. Rb4 Rc1 73. Rxb2 Kg1 0-1


[Site "https://www.chess.com"]

[Event "Titled Tuesday Blitz July 18 Late 2023"]
[White "Rodriguez Fontecha, Marcos"]
[Black "Mendez Fortes, Eduardo Jesus"]
[WhiteFideId "2256576"]
[BlackFideId "3502376"]
[WhiteElo "2485"]
[BlackElo "2634"]
[Result "0-1"]
[Round "5"]
[TimeControl "180+2"]
[Date "2023.07.18"]
[WhiteClock "0:00:00"]
[BlackClock "0:00:08"]
[Board "72"]

1. e4 c5 2. Nc3 d6 3. g3 Nc6 4. Bg2 g6 5. d3 Bg7 6. Be3 e6 7. Qd2 Nge7 8. Bh6 O-O 9. h4 f6 10. Bxg7 Kxg7 11. h5 g5 12. f4 h6 13. Nf3 e5 14. O-O-O Nd4 15. Ne2 Nxe2+ 16. Qxe2 Bg4 17. c3 Nc6 18. Qe3 Qa5 19. Kb1 b5 20. fxg5 fxg5 21. Nxg5 Bxd1 22. Ne6+ Kh7 23. Nxf8+ Rxf8 24. Rxd1 b4 25. c4 b3 26. a3 Nd4 27. Bh3 Rf3 28. Bf5+ Kg7 29. Qg1 Qd8 30. g4 Qg5 31. Qe1 Qf4 32. Qa5 Qg5 33. Qc7+ Kg8 34. Qxd6 Kf7 35. Bg6+ Kg8 36. Qd5+ Kg7 37. Qb7+ Kg8 38. Qb8+ Kg7 39. Qxa7+ Kg8 40. Qa8+ Kg7 41. Qb7+ Kg8 42. Qh7+ Kf8 43. Qh8+ Ke7 44. Qg7+ Kd6 45. Qb7 Qe7 46. Qd5+ Kc7 47. Bf5 Rf2 48. a4 Kb6 49. Qa8 Qa7 50. Qd8+ Qc7 51. a5+ Kc6 52. Qe8+ Kb7 53. Bg6 Qxa5 54. Qd7+ Qc7 55. Qd5+ Ka7 56. Be8 Qb7 57. Bb5 Qxd5 58. exd5 Kb6 59. Bd7 Kc7 60. Bf5 Kd6 0-1


[Site "https://www.chess.com"]

[Event "Titled Tuesday Blitz July 18 Late 2023"]
[White "JERO-8914"]
[Black "Ovchinnikov, Vsevolod"]
[BlackFideId "24176842"]
[WhiteElo "2480"]
[BlackElo "2625"]
[Result "1/2-1/2"]
[Round "5"]
[TimeControl "180+2"]
[Date "2023.07.18"]
[WhiteClock "0:01:43"]
[BlackClock "0:00:39"]
[Board "73"]

1. e4 e6 2. d4 d5 3. Nd2 c5 4. exd5 exd5 5. Ngf3 Nc6 6. Bb5 cxd4 7. Nxd4 Bd7 8. Qe2+ Be7 9. N2f3 Nf6 10. O-O O-O 11. Bg5 h6 12. Bh4 Re8 13. c3 a6 14. Bd3 Qb6 15. Qc2 Rac8 16. Qb3 Qxb3 17. axb3 g5 18. Bg3 Ne4 19. Rfe1 Nxg3 20. hxg3 Bf6 21. Nf5 Bxf5 22. Bxf5 Rxe1+ 23. Rxe1 Rd8 24. Rd1 d4 25. c4 Na5 26. Bc2 d3 27. Rxd3 Rxd3 28. Bxd3 Nxb3 29. Bc2 Nd4 30. Nxd4 Bxd4 31. b4 Bc3 32. b5 axb5 33. cxb5 b6 34. Be4 Bd4 35. Kf1 Kg7 36. Ke2 Kf6 37. f4 Bc5 38. Kf3 Bd6 39. Kg4 Bc7 40. Bd5 Bd6 41. Kf3 Bc7 42. Ke4 Bb8 43. Bb3 Bd6 44. Kd5 Bc5 45. Ke4 Bf2 46. g4 Bg3 47. f5 Bf2 48. Kd5 Bc5 49. Kc6 Bg1 50. Kd7 Kg7 51. Ke8 f6 52. Bf7 Bf2 53. Bh5 Bg1 54. Kd7 Bf2 55. Ke7 Bg1 56. Kd7 Bf2 57. Ke7 Bg1 58. Kd7 1/2-1/2


[Site "https://www.chess.com"]

[Event "Titled Tuesday Blitz July 18 Late 2023"]
[White "Rietze, Clemens, Dr."]
[Black "Lewtak, Damian"]
[WhiteFideId "24620351"]
[BlackFideId "1141724"]
[WhiteElo "2473"]
[BlackElo "2616"]
[Result "0-1"]
[Round "5"]
[TimeControl "180+2"]
[Date "2023.07.18"]
[WhiteClock "0:01:26"]
[BlackClock "0:01:58"]
[Board "74"]

1. d4 g6 2. c4 Bg7 3. e4 d6 4. Nc3 e5 5. Nge2 Nc6 6. Be3 Nf6 7. f3 exd4 8. Nxd4 O-O 9. Be2 Nh5 10. Nxc6 bxc6 11. O-O Qh4 12. Qd2 Re8 13. Bd3 f5 14. exf5 Rxe3 0-1


[Site "https://www.chess.com"]

[Event "Titled Tuesday Blitz July 18 Late 2023"]
[White "Zavgorodniy, Sergiy"]
[Black "Bochnicka, Vladimir"]
[WhiteFideId "14110148"]
[BlackFideId "14943450"]
[WhiteElo "2600"]
[BlackElo "2473"]
[Result "0-1"]
[Round "5"]
[TimeControl "180+2"]
[Date "2023.07.18"]
[WhiteClock "0:01:24"]
[BlackClock "0:00:35"]
[Board "75"]

1. d4 Nf6 2. c4 e6 3. Nf3 c5 4. d5 exd5 5. cxd5 d6 6. Nc3 g6 7. Nd2 Bg7 8. g3 O-O 9. Bg2 Re8 10. O-O a6 11. a4 Nbd7 12. Nc4 Ne5 13. Na3 Rb8 14. h3 b5 15. axb5 axb5 16. Naxb5 Qb6 17. Na7 Bd7 18. Nc6 Nxc6 19. dxc6 Bxc6 20. Qxd6 Bxg2 21. Qxb6 Rxb6 22. Kxg2 h5 23. Rd1 Ne4 24. Nxe4 Rxe4 25. Rd2 Reb4 26. Ra2 c4 27. Rc2 Kh7 28. e3 g5 29. Kf3 Kg6 30. g4 f5 31. gxf5+ Kxf5 32. Ra5+ Kg6 33. Rc5 Bxb2 34. Bxb2 Rxb2 35. R2xc4 Rf6+ 36. Kg3 Rbxf2 37. Rc6 h4+ 38. Kg4 Rg2# 0-1


[Site "https://www.chess.com"]

[Event "Titled Tuesday Blitz July 18 Late 2023"]
[White "Rama, Tejas"]
[Black "David, Bogdan-Emanuel"]
[WhiteFideId "30907381"]
[BlackFideId "1229907"]
[WhiteElo "2468"]
[BlackElo "2598"]
[Result "0-1"]
[Round "5"]
[TimeControl "180+2"]
[Date "2023.07.18"]
[WhiteClock "0:00:00"]
[BlackClock "0:01:37"]
[Board "76"]

1. d4 d6 2. c4 e5 3. dxe5 dxe5 4. Qxd8+ Kxd8 5. Nc3 Be6 6. g3 Bxc4 7. Bg2 c6 8. Nf3 f6 9. O-O Nd7 10. Rd1 Kc7 11. b3 Be6 12. Bb2 Nh6 13. Rac1 Nf7 14. Nd5+ Kb8 15. Ne3 Be7 16. Nd2 Rd8 17. f4 Bc5 18. Nf1 Bb6 19. f5 Bxf5 20. Kh1 Be6 21. Rd3 Nf8 22. Rxd8+ Nxd8 23. Ba3 Nd7 24. Nc4 Bc7 25. Rd1 Nf7 26. Be7 Kc8 27. Nfe3 Bd8 0-1


[Site "https://www.chess.com"]

[Event "Titled Tuesday Blitz July 18 Late 2023"]
[White "Horcajuelo Rocamora, Martin"]
[Black "Piesik, Piotr"]
[WhiteFideId "24573027"]
[BlackFideId "1136194"]
[WhiteElo "2465"]
[BlackElo "2592"]
[Result "0-1"]
[Round "5"]
[TimeControl "180+2"]
[Date "2023.07.18"]
[WhiteClock "0:02:13"]
[BlackClock "0:02:51"]
[Board "77"]

1. e3 g6 2. d4 Bg7 3. b3 d6 4. Bb2 Nd7 5. Nf3 e5 6. Nbd2 Qe7 7. dxe5 Nxe5 8. e4 Nxf3+ 9. Qxf3 Bxb2 10. Rb1 Bg7 11. Bd3 Nf6 12. h3 O-O 13. O-O Bd7 0-1


[Site "https://www.chess.com"]

[Event "Titled Tuesday Blitz July 18 Late 2023"]
[White "Vaibhav Jayant Raut"]
[Black "Michalczak, Thomas"]
[WhiteFideId "5089034"]
[BlackFideId "4622634"]
[WhiteElo "2592"]
[BlackElo "2461"]
[Result "1-0"]
[Round "5"]
[TimeControl "180+2"]
[Date "2023.07.18"]
[WhiteClock "0:00:55"]
[BlackClock "0:00:11"]
[Board "78"]

1. d4 Nf6 2. Nf3 d5 3. Bf4 c5 4. e3 Nc6 5. Bb5 Qa5+ 6. Nc3 Ne4 7. O-O Nxc3 8. Bxc6+ bxc6 9. bxc3 Bg4 10. c4 e6 11. h3 Bxf3 12. Qxf3 cxd4 13. exd4 Be7 14. Rab1 O-O 15. Be5 f6 16. Bf4 Qxa2 17. Rb7 Rf7 18. Re1 Qxc2 19. Rxe6 Bf8 20. Rxf7 Kxf7 21. cxd5 c5 22. dxc5 Bxc5 23. Qh5+ Qg6 24. Qe2 Rd8 25. Qc4 Qb1+ 26. Kh2 Bxf2 27. h4 Qg1+ 28. Kh3 Qh1+ 29. Bh2 Bb6 30. d6 Kg6 31. Qg4+ Kh6 32. Qg5# 1-0


[Site "https://www.chess.com"]